 Dungeon Crawl Stone Soup version 0.20.0-8-g6b59dc7 (webtiles) character file.

158 Monsterracer the Conjurer (level 5, -11/28 HPs)
             Began as a Deep Elf Conjurer on May 31, 2017.
             Mangled by an ogre
             ... wielding a +0 giant club
              (20 damage)
             ... on level 4 of the Dungeon.
             The game lasted 00:05:54 (2614 turns).

Monsterracer the Conjurer (Deep Elf Conjurer)       Turns: 2614, Time: 00:05:55

Health: -11/28     AC:  5    Str:  5    XL:     5   Next: 16%
Magic:  4/14       EV: 15    Int: 21    God:
Gold:   109        SH:  0    Dex: 17    Spells: 2/13 levels left

rFire    . . .     SeeInvis .   (no weapon)
rCold    . . .     Gourm    .   (no shield)
rNeg     . . .     Faith    .   a - +0 robe
rPois    .         Spirit   .   (no helmet)
rElec    .         Reflect  .   h - +0 cloak
rCorr    .         Harm     .   j - +1 pair of gloves
MR       +....                  (no boots)
Stlth    ++........             (no amulet)
Regen    0.0/turn               (no ring)
MPRegen  0.2/turn               (no ring)

@: very slightly contaminated
A: repulsion field 1, agile 1, magic resistance 1, inhibited regeneration
a: no special abilities


You were on level 4 of the Dungeon.
You were hungry.

You visited 1 branch of the dungeon, and saw 4 of its levels.

You collected 109 gold pieces.

Inventory:

Armour
 a - a +0 robe (worn)
 h - a +0 cloak (worn)
 j - a +1 pair of gloves (worn)
Scrolls
 d - 4 scrolls of fog
 e - a scroll of remove curse
 f - a scroll of identify
Potions
 l - a potion of magic
Books
 b - a book of Conjurations

   Spells                             Type                      Level
   a - Magic Dart                     Conjuration                  1
   b - Searing Ray                    Conjuration                  2
   c - Dazzling Spray                 Conjuration/Hexes            3
   d - Fulminant Prism                Conjuration/Hexes            4
   e - Force Lance                    Conjuration/Translocation    4
   f - Iskenderun's Mystic Blast      Conjuration                  4
Comestibles
 c - 4 bread rations
 g - a royal jelly


   Skills:
 - Level 2.4 Dodging
 - Level 2.4 Stealth
 + Level 4.8 Spellcasting
 * Level 6.3 Conjurations
 + Level 0.0 Hexes


You had 2 spell levels left.
You knew the following spells:

 Your Spells              Type           Power        Failure   Level  Hunger
a - Magic Dart            Conj           ####         1%          1    None
b - Searing Ray           Conj           ####..       1%          2    None
c - Fulminant Prism       Conj/Hex       ###.......   30%         4    ####...
d - Iskenderun's Mystic   Conj           ####....     8%          4    ####...


Dungeon Overview and Level Annotations

Branches:
Dungeon (4/15)
 Temple: D:4-7

Altars:
Ashenzari
Uskayaw


Innate Abilities, Weirdness & Mutations

You are surrounded by a mild repulsion field. (EV +2)
You are agile. (Dex +2)
You are resistant to hostile enchantments. (MR+)
You do not regenerate when monsters are visible.


Message History

You kill the orc!
The blast of energy engulfs the ogre.
The ogre is severely wounded.
The blast of energy engulfs the ogre.
The ogre is heavily wounded.
You hear an angry hiss.
You hear a shout! x4; You hear an angry hiss.
Casting: Fulminant Prism
Confirm with . or Enter, or press ? or * to list all spells.
Aiming: Fulminant Prism
Press: ? - help, Dir - move target cursor You conjure a prism of explosive energy!
* * * LOW MAGIC WARNING * * *
The ogre hits your fulminant prism with a giant club!!
Your fulminant prism detonates feebly.
The ogre closely misses you.
You are feeling hungry.
The ogre barely misses you. The ogre hits you with a giant club!!
Ouch! That really hurt!
You die...

#.# ######.#
.....#.# ...<.#.#
.....#.# .....#.#
##########
.....#.###....Z...#
..............OO@.#
.......)...w......#
...>.#.############
.......# ........
##.####.# ... ..
... ...


You could see 2 ogres, a worm and a worker ant zombie.

Vanquished Creatures
  An orc wizard (D:3)
  A gnoll (D:1)
  4 adders (D:3)
  2 oozes (D:1)
  3 worms
  2 dart slugs (D:3)
  A leopard gecko (D:3)
  3 orcs
  7 bats
  4 giant cockroaches
  6 goblins
  4 hobgoblins
  4 jackals (D:3)
  8 kobolds
  3 ball pythons
  A frilled lizard (D:3)
  4 rats
58 creatures vanquished.

Vanquished Creatures (others)
  2 fulminant prisms (D:4)
2 creatures vanquished.

Grand Total: 60 creatures vanquished

Notes
Turn   | Place    | Note
-------+----------+-------------------------------------------
     0 | D:1      | Monsterracer the Deep Elf Conjurer began the quest for the Orb.
     0 | D:1      | Reached XP level 1. HP: 10/10 MP: 6/6
   207 | D:1      | Reached XP level 2. HP: 15/15 MP: 6/8
   229 | D:1      | Learned a level 2 spell: Searing Ray
   335 | D:1      | Reached skill level 5 in Conjurations
   686 | D:1      | Reached XP level 3. HP: 19/19 MP: 7/10
   717 | D:1      | Gained mutation: You are surrounded by a mild repulsion field. (EV +2) [potion of mutation]
   717 | D:1      | Gained mutation: You do not regenerate when monsters are visible. [potion of mutation]
   717 | D:1      | Gained mutation: You are resistant to hostile enchantments. (MR+) [potion of mutation]
   717 | D:1      | Gained mutation: You are agile. (Dex +2) [potion of mutation]
   822 | D:2      | Found a shattered altar of Ashenzari.
   894 | D:2      | Noticed a hand axe
   897 | D:2      | Noticed a hand axe
   898 | D:2      | Found a hide-covered altar of Uskayaw.
  1585 | D:3      | Reached XP level 4. HP: 24/24 MP: 7/12
  1599 | D:3      | Learned a level 4 spell: Fulminant Prism
  1604 | D:3      | Learned a level 4 spell: Iskenderun's Mystic Blast
  1937 | D:3      | Reached skill level 6 in Conjurations
  2015 | D:3      | Reached XP level 5. HP: 28/28 MP: 3/14
  2592 | D:4      | Noticed an ogre
  2595 | D:4      | Noticed an ogre
  2614 | D:4      | Mangled by an ogre

Skill      XL: |  1  2  3  4 |
---------------+-------------+-----
Conjurations   | 5 6 |  6.3
Spellcasting   | 4 |  4.8
Dodging        | |  2.4
Stealth        | |  2.4

Action                   |  1- 3 |  4- 6 || total
-------------------------+-------+-------++-------
 Cast: Magic Dart        |    59 |    29 ||    88
       Searing Ray       |     3 |     7 ||    10
       Fulminant Prism   |       |     2 ||     2
  Use: Scroll            |     5 |       ||     5
       Potion            |     3 |     1 ||     4
  Eat: Chunk             |     2 |     3 ||     5
Armor: Robe              |     1 |     3 ||     4
Dodge: Dodged            |     3 |     8 ||    11
